cohdb
Replays
Latest Replays
All Replays
Popular Replays
Top Player Replays
Match Explorer
How It Works
Community
CoH3 Stats
Reddit
Sign in to upload your games and track your stats! →
Sign in with Steam
Match 42977106
Unlisted
Match 42977106
Overview
Messages
Build Orders
End
Kradschützen Motorcycle Team
Selects Armored Support Battlegroup
Panzerpioneer Squad
Panzergrenadier Squad
250 Light Carrier
Panzergrenadier Squad
Selects Salvage Kits
Construct Light Support Kompanie
Fire Support Elements
Assault Mechanized Group
Flakvierling Half-track
Vehicle Survival Package
2.5-tonne Medical Truck
Selects Veteran Gunners
Pak 38 Anti-tank Gun Team
Assault Mechanized Group
Veteran Squad Leaders
Selects Flammpanzer III Medium Tank
2.5-tonne Medical Truck
Selects Command Panzer IV F Medium Tank
Command Panzer IV F Medium Tank
Construct Panzerarmee Kommand
Armored Reserves
Emergency Repair Kits
Selects Panzer Storm
Panzer IV Assault Group
Panzerpioneer Squad
Selects Stuka Anti-tank Loiter
Flak 36 Anti-tank Gun Team
Stuka Anti-tank Loiter
Assault Grenadier Squad
Rapid Advance
Panzer IV Assault Group
Stuka Anti-tank Loiter
Panzerpioneer Squad
Pak 38 Anti-tank Gun Team
MG34 Team
Pak 38 Anti-tank Gun Team
Trion
I AM NOOB
wnsgud8801
kdb5246
0
0
Comments
sign in to comment!
No comments posted yet!